 Dungeon Crawl Stone Soup version 0.21.1-74-g47da925 (webtiles) character file.

102 Spoonbill the Digger (level 4, -1/26 HPs)
             Began as a Gargoyle Earth Elementalist on Aug 14, 2018.
             Slain by Lidrolic's ghost (9 damage)
             ... on level 3 of the Dungeon.
             The game lasted 00:14:52 (1911 turns).

Spoonbill the Digger (Gargoyle Earth Elementalist)  Turns: 1911, Time: 00:14:52

Health: -1/26      AC:  8    Str: 11    XL:     4   Next: 78%
Magic:  7/7        EV: 12    Int: 17    God:
Gold:   106        SH:  0    Dex: 10    Spells: 7/8 levels left

rFire    . . .     SeeInvis .   s - +0 short sword
rCold    . . .     Gourm    .   (no shield)
rNeg     + . .     Faith    .   c - +0 robe
rPois    ∞         Spirit   .   a - +2 helmet
rElec    +         Reflect  .   (no cloak)
rCorr    .         Harm     .   (no gloves)
MR       .....                  (no boots)
Stlth    ++........             (no amulet)
HPRegen  0.08/turn              (no ring)
MPRegen  0.10/turn              (no ring)

@: no status effects
A: negative energy resistance 1, electricity resistance, unbreathing,
petrification resistance, rot immunity, AC +3
a: no special abilities


You were on level 3 of the Dungeon.
You were not hungry.

You visited 1 branch of the dungeon, and saw 3 of its levels.

You collected 106 gold pieces.

Inventory:

Hand Weapons
 f - a +0 short sword
 s - a +0 short sword (weapon)
 t - a cursed -3 short sword
Missiles
 b - 39 stones (quivered)
Armour
 a - a +2 helmet (worn)
 c - a +0 robe (worn)
 o - a +0 chain mail
 u - a +0 scale mail
 x - a cursed +0 robe
 y - a cursed +0 ring mail
Wands
 q - a wand of acid (8)
Scrolls
 g - 2 scrolls of identify {unknown}
 j - a scroll of immolation {unknown}
 l - a scroll of teleportation {unknown}
 m - a scroll of magic mapping {unknown}
 p - a scroll of amnesia {unknown}
Potions
 h - a potion of lignification {unknown}
 i - a potion of cancellation {unknown}
 k - a potion of magic {unknown}
 n - a potion of heal wounds {unknown}
 r - 2 potions of might {unknown}
 v - 2 potions of curing {unknown}
 w - 2 potions of agility {unknown}
 z - a potion of flight {unknown}
Books
 e - a book of Geomancy

   Spells                             Type                      Level
   a - Sandblast                      Earth                        1
   b - Passwall                       Transmutation/Earth          2
   c - Stone Arrow                    Conjuration/Earth            3
   d - Petrify                        Transmutation/Earth          4
   e - Lee's Rapid Deconstruction     Earth                        5
Comestibles
 d - 9 rations


   Skills:
 * Level 2.0 Fighting
 + Level 1.3 Short Blades
 + Level 2.0 Dodging
 - Level 2.2 Stealth
 + Level 2.6 Spellcasting
   Level 0.7 Transmutations
 + Level 4.5 Earth Magic


You had 7 spell levels left.
You knew the following spells:

 Your Spells              Type           Power        Failure   Level  Hunger
a - Sandblast             Erth           ###...       2%          1    #......


Dungeon Overview and Level Annotations

Branches:
Dungeon (3/15)

Altars:

Annotations:
D:3 Lidrolic's ghost, novice HuFi


Innate Abilities, Weirdness & Mutations

You are resistant to torment.
Your stone body is resilient. (AC +3)
You are immune to poison.
You resist negative energy. (rN+)
You are resistant to electric shocks. (rElec)
You can survive without breathing.
You are immune to petrification.
You are immune to rotting.


Message History

You climb downwards.
Level annotation: Lidrolic's ghost, novice HuFi Lidrolic's ghost whispers, "It is all a dream - a grotesque and foolish dream."
Lidrolic's ghost hits you!
Ouch! That really hurt!
Lidrolic's ghost hits you but does no damage.
There is a stone staircase leading up here.
You hit Lidrolic's ghost.
Lidrolic's ghost is lightly damaged.
Lidrolic's ghost hits you but does no damage.
You barely miss Lidrolic's ghost.
Lidrolic's ghost is lightly damaged.
Lidrolic's ghost hits you.
You hit Lidrolic's ghost but do no damage.
Lidrolic's ghost barely misses you.
You hit Lidrolic's ghost but do no damage.
Lidrolic's ghost hits you.
You hit Lidrolic's ghost but do no damage.
Lidrolic's ghost hits you!
You die...

#.......#†#.#.##..........####
#.......#.#.#.##.............+
#.......#.#.#.##..........##
#.........#.#.##..........#
####..........##..........#
#..........##.........##
####.......##.........#
#.......##.........#
#.......##@W.......#
#........#.#########
#........#>.......
#........#.######.
#........#.# ###'###..#.# #.#
#..#.# #.# #.W#.#
###†###..#.##


You could see Lidrolic's ghost.

Vanquished Creatures
  Terence (D:2)
  A worker ant (D:3)
  An adder (D:3)
  An ooze (D:1)
  A worm (D:2)
  A dart slug (D:2)
  2 leopard geckos
  A ball python (D:3)
  6 bats
  3 giant cockroaches
  4 hobgoblins
  2 jackals (D:2)
  3 kobolds
  A frilled lizard (D:3)
  A goblin (D:1)
  3 rats
32 creatures vanquished.

Vanquished Creatures (others)
  7 toadstools (D:3)
7 creatures vanquished.

Grand Total: 39 creatures vanquished

Notes
Turn   | Place    | Note
-------+----------+-------------------------------------------
     0 | D:1      | Spoonbill the Gargoyle Earth Elementalist began the quest for the Orb.
     0 | D:1      | Reached XP level 1. HP: 10/10 MP: 3/3
    43 | D:1      | Reached skill level 4 in Earth Magic
    44 | D:1      | Reached XP level 2. HP: 15/15 MP: 0/5
   674 | D:1      | Reached skill level 1 in Fighting
   957 | D:2      | Reached XP level 3. HP: 19/20 MP: 3/6
  1115 | D:2      | Noticed Terence
  1151 | D:2      | Killed Terence
  1334 | D:2      | Reached XP level 4. HP: 25/25 MP: 7/7
  1623 | D:3      | Noticed Lidrolic's ghost (novice HuFi)
  1637 | D:3      | Reached skill level 1 in Short Blades
  1911 | D:3      | Slain by Lidrolic's ghost

Skill      XL: |  1  2  3  4 |
---------------+-------------+-----
Earth Magic    | 4 |  4.5
Fighting       | 1 2 |  2.0
Short Blades   | 1 |  1.3
Dodging        | 2 |  2.0
Stealth        | |  2.2
Spellcasting   | |  2.6
Transmutations | |  0.7

Action                   |  1- 3 |  4- 6 || total
-------------------------+-------+-------++-------
Melee: Short sword       |    57 |    75 ||   132
       Unarmed           |     9 |       ||     9
Throw: Stone             |     6 |       ||     6
 Cast: Sandblast         |    20 |     4 ||    24
  Eat: Ration            |     1 |       ||     1
Armor: Robe              |    32 |    24 ||    56
Dodge: Dodged            |    50 |    67 ||   117
